[ AOE2 MATCH · #478314009 ]
Team RMBohemians vs Turks
[ REPLAY ANALYSIS · EXTRACTED FROM THE RECORDED GAME ]
Feudal
10:10
Castle
13:45
Imperial
30:48
| APM avg | 49.5 |
| APM peak | 86 |
| eAPM avg | 29.8 |
| Villagers / military | 186 / 87 |
Focus
⚔️ 28.7% · 🌾 71.3%
Skirmisher ×34 · Spearman ×28 · Trade Cart ×16 · Bombard Cannon ×13 · Hand Cannoneer ×6 · Monk ×4
Feudal
11:03
Castle
14:33
Imperial
29:42
| APM avg | 30.8 |
| APM peak | 88 |
| eAPM avg | 20.8 |
| Villagers / military | 178 / 68 |
Focus
⚔️ 16.2% · 🌾 83.8%
Scorpion ×31 · Mangonel ×24 · Battering Ram ×12 · Monk ×1
Feudal
11:23
Castle
21:19
Imperial
28:42
| APM avg | 47.3 |
| APM peak | 86 |
| eAPM avg | 21.5 |
| Villagers / military | 153 / 63 |
Focus
⚔️ 25.5% · 🌾 74.5%
Janissary ×38 · Trade Cart ×20 · Bombard Cannon ×19 · Scout Cavalry ×4 · Trebuchet (Packed) ×2
Feudal
11:13
Castle
14:47
Imperial
30:57
| APM avg | 25.8 |
| APM peak | 61 |
| eAPM avg | 11.7 |
| Villagers / military | 104 / 56 |
Focus
⚔️ 32.4% · 🌾 67.6%
Conquistador ×43 · Missionary ×9 · Trebuchet (Packed) ×3 · Monk ×1
Feudal
11:17
Castle
15:12
Imperial
31:37
| APM avg | 36.3 |
| APM peak | 88 |
| eAPM avg | 21.4 |
| Villagers / military | 209 / 108 |
Focus
⚔️ 28.2% · 🌾 71.8%
War Elephant ×108 · Trade Cart ×59
Feudal
11:08
Castle
16:25
Imperial
29:34
| APM avg | 32.4 |
| APM peak | 70 |
| eAPM avg | 18.8 |
| Villagers / military | 155 / 178 |
Focus
⚔️ 20.8% · 🌾 79.2%
Camel Scout ×107 · Scout Cavalry ×50 · Trade Cart ×28 · Bombard Cannon ×19 · Monk ×2
Feudal
8:38
Castle
25:24
Imperial
31:08
| APM avg | 26.5 |
| APM peak | 59 |
| eAPM avg | 14.2 |
| Villagers / military | 91 / 54 |
Focus
⚔️ 31.4% · 🌾 68.6%
Scout Cavalry ×40 · Trebuchet (Packed) ×4 · Spearman ×3 · Militia ×3 · Battering Ram ×2 · Mangonel ×1
Feudal
10:11
Castle
14:44
Imperial
33:41
| APM avg | 49.2 |
| APM peak | 109 |
| eAPM avg | 24.2 |
| Villagers / military | 169 / 103 |
Focus
⚔️ 25.0% · 🌾 75.0%
Elephant Archer ×100 · Spearman ×3
Match map
Initial resources + every placement click. Lines = walls · curves = elevation contours. ◆ gold · ⬟ stone · ● berries · ✦ relic · ◌ wall gap
Your base· ✓ Closed at 13:45 · 0t walls · fragile
Laljia's base· ✓ Closed at 14:33 · 0t walls · fragile
Heyfai's base· Open — opponent sealed themselves in
DEMLOUDBOYZ's base· ✓ Closed at 14:47 · 0t walls · fragile
[CL] FARFANA's base· ✓ Closed at 15:12 · 0t walls · fragile
Modjo's base· ✓ Closed at 16:25 · 0t walls · fragile
le Nain Becile's base· ✓ Closed at 25:24 · 41t walls · 1 gate(s)
b09581270's base· ✓ Closed at 14:44 · 0t walls · fragile
Smoothed initial terrain · ◌ = detected wall gap · hover for details
Inputs per minute
— [CL] LasagnaSolida - - Laljia
Build order — [CL] LasagnaSolida
First 150 of 502 actions detected
| 0:02 | Create | Villager (Male) |
| 0:04 | Build | House |
| 0:05 | Build | House |
| 0:18 | Create | Villager (Male) |
| 0:18 | Create | Villager (Male) |
| 0:19 | Create | Villager (Male) |
| 0:19 | Create | Villager (Male) |
| 1:27 | Create | Villager (Male) |
| 1:27 | Create | Villager (Male) |
| 1:46 | Build | Lumber Camp |
| 1:51 | Create | Villager (Male) |
| 1:51 | Create | Villager (Male) |
| 2:17 | Create | Villager (Male) |
| 2:17 | Create | Villager (Male) |
| 2:46 | Create | Villager (Male) |
| 2:47 | Create | Villager (Male) |
| 3:09 | Create | Villager (Male) |
| 3:09 | Create | Villager (Male) |
| 3:10 | Create | Villager (Male) |
| 3:28 | Build | House |
| 3:30 | Build | House |
| 3:48 | Create | Villager (Male) |
| 3:48 | Create | Villager (Male) |
| 3:49 | Create | Villager (Male) |
| 3:49 | Create | Villager (Male) |
| 4:03 | Create | Villager (Male) |
| 4:03 | Create | Villager (Male) |
| 4:34 | Build | Mill |
| 4:43 | Create | Villager (Male) |
| 4:43 | Create | Villager (Male) |
| 4:47 | Create | Villager (Male) |
| 6:08 | Create | Villager (Male) |
| 6:36 | Create | Villager (Male) |
| 7:01 | Create | Villager (Male) |
| 7:18 | Build | Mining Camp |
| 7:35 | Create | Villager (Male) |
| 7:42 | Research | Feudal Age |
| 8:55 | Create | Villager (Male) |
| 10:10 | Age | Feudal Age |
| 10:14 | Build | Market |
| 10:18 | Build | Blacksmith |
| 10:27 | Create | Villager (Male) |
| 11:05 | Research | Castle Age |
| 11:05 | Research | Castle Age |
| 11:06 | Research | Castle Age |
| 11:22 | Build | Farm |
| 11:23 | Build | Farm |
| 11:23 | Build | Farm |
| 11:25 | Build | Farm |
| 11:40 | Create | Villager (Male) |
| 11:48 | Build | Barracks |
| 12:29 | Research | Horse Collar |
| 12:38 | Build | House |
| 12:44 | Build | Farm |
| 12:44 | Build | Farm |
| 12:44 | Build | Farm |
| 12:58 | Build | House |
| 13:02 | Build | House |
| 13:05 | Create | Spearman |
| 13:22 | Create | Spearman |
| 13:24 | Create | Villager (Male) |
| 13:30 | Build | Farm |
| 13:35 | Build | Farm |
| 13:44 | Build | House |
| 13:45 | Build | House |
| 13:45 | Age | Castle Age |
| 13:46 | Create | Villager (Male) |
| 14:00 | Create | Villager (Male) |
| 14:00 | Create | Villager (Male) |
| 14:17 | Create | Villager (Male) |
| 14:35 | Create | Villager (Male) |
| 14:42 | Build | Farm |
| 14:45 | Research | Double-Bit Axe |
| 14:48 | Create | Villager (Male) |
| 14:52 | Build | House |
| 14:53 | Build | House |
| 14:53 | Build | House |
| 14:54 | Build | House |
| 14:56 | Build | House |
| 14:57 | Build | House |
| 15:21 | Build | Siege Workshop |
| 15:30 | Research | Loom |
| 15:33 | Create | Villager (Male) |
| 15:35 | Build | Farm |
| 15:38 | Build | Farm |
| 15:56 | Create | Villager (Male) |
| 16:11 | Create | Mangonel |
| 16:11 | Create | Mangonel |
| 16:17 | Build | House |
| 16:36 | Research | Pikeman (upgrade) |
| 16:38 | Create | Villager (Male) |
| 16:39 | Create | Spearman |
| 16:46 | Build | House |
| 16:47 | Build | House |
| 16:49 | Build | Palisade Wall |
| 16:51 | Create | Villager (Male) |
| 16:51 | Create | Villager (Male) |
| 16:51 | Create | Villager (Male) |
| 16:51 | Create | Villager (Male) |
| 17:23 | Build | Monastery |
| 17:27 | Create | Spearman |
| 17:30 | Build | Palisade Wall |
| 17:33 | Build | Palisade Wall |
| 17:43 | Create | Spearman |
| 17:44 | Create | Spearman |
| 17:50 | Create | Villager (Male) |
| 17:52 | Create | Villager (Male) |
| 17:53 | Create | Villager (Male) |
| 18:09 | Create | Spearman |
| 18:13 | Create | Monk |
| 18:25 | Create | Villager (Male) |
| 18:25 | Create | Villager (Male) |
| 18:40 | Create | Villager (Male) |
| 18:47 | Create | Spearman |
| 18:57 | Build | Town Center |
| 19:36 | Create | Villager (Male) |
| 19:36 | Create | Villager (Male) |
| 19:41 | Build | House |
| 19:53 | Create | Villager (Male) |
| 19:54 | Create | Villager (Male) |
| 19:57 | Create | Monk |
| 20:13 | Create | Villager (Male) |
| 20:14 | Create | Villager (Male) |
| 20:14 | Create | Villager (Male) |
| 20:25 | Build | House |
| 20:44 | Create | Villager (Male) |
| 20:47 | Build | House |
| 20:55 | Build | Mining Camp |
| 20:57 | Create | Villager (Male) |
| 20:57 | Create | Villager (Male) |
| 20:57 | Create | Villager (Male) |
| 20:58 | Create | Villager (Male) |
| 20:58 | Create | Villager (Male) |
| 21:00 | Build | Farm |
| 21:00 | Build | Farm |
| 21:01 | Build | Farm |
| 21:01 | Build | Farm |
| 21:01 | Build | Farm |
| 21:01 | Build | Farm |
| 21:08 | Build | Town Center |
| 21:30 | Create | Villager (Male) |
| 21:30 | Create | Villager (Male) |
| 21:43 | Research | Bow Saw |
| 22:23 | Create | Villager (Male) |
| 22:27 | Create | Villager (Male) |
| 22:27 | Create | Villager (Male) |
| 22:27 | Create | Villager (Male) |
| 22:28 | Create | Villager (Male) |
| 22:29 | Build | Farm |
| 22:29 | Build | Farm |
Build order — Laljia
First 150 of 304 actions detected
| 0:01 | Create | Villager (Male) ×4 |
| 0:03 | Build | House |
| 0:04 | Build | House |
| 1:29 | Create | Villager (Male) |
| 1:44 | Build | Lumber Camp |
| 2:01 | Create | Villager (Male) |
| 2:27 | Create | Villager (Male) |
| 3:01 | Create | Villager (Male) |
| 3:03 | Create | Villager (Male) |
| 3:33 | Create | Villager (Male) |
| 3:34 | Create | Villager (Male) |
| 3:35 | Build | House |
| 4:32 | Create | Villager (Male) |
| 4:43 | Create | Villager (Male) |
| 4:44 | Create | Villager (Male) |
| 5:58 | Create | Villager (Male) ×5 |
| 6:23 | Create | Villager (Male) |
| 6:36 | Build | House |
| 7:29 | Create | Villager (Male) |
| 7:48 | Build | Mill |
| 8:32 | Build | Mining Camp |
| 8:46 | Research | Feudal Age |
| 10:01 | Build | House |
| 10:14 | Create | Villager (Male) |
| 10:15 | Create | Villager (Male) |
| 11:03 | Age | Feudal Age |
| 11:04 | Build | Market |
| 11:08 | Build | Blacksmith |
| 11:12 | Build | Lumber Camp |
| 11:46 | Research | Castle Age |
| 11:57 | Research | Double-Bit Axe |
| 14:12 | Create | Villager (Male) |
| 14:13 | Create | Villager (Male) |
| 14:33 | Age | Castle Age |
| 14:41 | Build | Town Center |
| 14:45 | Build | Town Center |
| 15:02 | Build | Farm |
| 15:11 | Research | Bow Saw |
| 15:12 | Research | Horse Collar |
| 15:16 | Create | Villager (Male) |
| 15:30 | Create | Villager (Male) |
| 15:45 | Create | Villager (Male) |
| 15:58 | Build | Town Center |
| 16:08 | Create | Villager (Male) ×5 |
| 16:14 | Build | Farm |
| 16:17 | Build | Farm |
| 16:18 | Build | House |
| 16:22 | Build | Farm |
| 16:23 | Build | Farm |
| 16:32 | Build | Farm |
| 16:41 | Build | Farm |
| 16:43 | Create | Villager (Male) |
| 17:13 | Build | Farm |
| 17:15 | Build | Farm |
| 17:16 | Research | Loom |
| 17:19 | Build | Farm |
| 17:20 | Build | Farm |
| 17:23 | Create | Villager (Male) |
| 17:35 | Create | Villager (Male) |
| 17:39 | Build | Farm |
| 17:42 | Build | Farm |
| 17:49 | Build | Farm |
| 17:51 | Build | Farm |
| 17:56 | Research | Town Watch |
| 18:02 | Build | House |
| 18:10 | Build | Farm |
| 18:11 | Build | Farm |
| 18:13 | Build | Farm |
| 18:26 | Create | Villager (Male) |
| 18:26 | Create | Villager (Male) |
| 18:30 | Build | Farm |
| 18:33 | Build | Farm |
| 18:41 | Create | Villager (Male) |
| 18:41 | Create | Villager (Male) |
| 18:42 | Create | Villager (Male) |
| 18:45 | Build | Farm |
| 18:46 | Build | Farm |
| 18:50 | Build | Farm |
| 18:52 | Create | Villager (Male) |
| 18:59 | Create | Villager (Male) |
| 19:10 | Build | House |
| 19:11 | Build | House |
| 19:12 | Build | House |
| 19:14 | Create | Villager (Male) |
| 19:14 | Create | Villager (Male) |
| 19:23 | Build | Lumber Camp |
| 19:27 | Build | Farm |
| 19:31 | Create | Villager (Male) |
| 19:31 | Create | Villager (Male) |
| 19:37 | Create | Villager (Male) |
| 19:37 | Create | Villager (Male) |
| 19:38 | Create | Villager (Male) |
| 19:42 | Build | Farm |
| 19:48 | Build | House |
| 19:50 | Create | Villager (Male) |
| 19:56 | Create | Villager (Male) |
| 20:04 | Research | Wheelbarrow |
| 20:06 | Create | Villager (Male) |
| 20:23 | Create | Villager (Male) |
| 20:25 | Create | Villager (Male) |
| 20:31 | Create | Villager (Male) |
| 20:36 | Create | Villager (Male) |
| 20:43 | Create | Villager (Male) |
| 20:44 | Create | Villager (Male) |
| 20:54 | Build | Town Center |
| 20:58 | Create | Villager (Male) |
| 20:59 | Create | Villager (Male) |
| 21:07 | Build | Farm |
| 21:15 | Build | Mining Camp |
| 21:20 | Create | Villager (Male) |
| 21:20 | Create | Villager (Male) |
| 21:21 | Create | Villager (Male) |
| 21:29 | Build | House |
| 21:31 | Build | House |
| 21:32 | Build | House |
| 21:34 | Build | House |
| 21:35 | Build | House |
| 21:36 | Build | House |
| 21:37 | Build | House |
| 21:38 | Build | House |
| 21:45 | Create | Villager (Male) ×5 |
| 22:02 | Research | Heavy Plow |
| 22:18 | Create | Villager (Male) |
| 22:22 | Create | Villager (Male) ×4 |
| 22:30 | Build | Farm |
| 22:31 | Build | Farm |
| 22:32 | Build | Farm |
| 22:34 | Build | Farm |
| 22:36 | Build | Farm |
| 22:38 | Build | Farm |
| 22:43 | Create | Villager (Male) |
| 22:44 | Create | Villager (Male) |
| 22:44 | Create | Villager (Male) |
| 22:53 | Create | Villager (Male) |
| 22:54 | Create | Villager (Male) |
| 22:59 | Build | Mill |
| 23:00 | Build | Farm |
| 23:01 | Build | Farm |
| 23:01 | Build | Farm |
| 23:01 | Build | Farm |
| 23:01 | Build | Farm |
| 23:02 | Build | Farm |
| 23:07 | Create | Villager (Male) ×3 |
| 23:14 | Build | Mill |
| 23:15 | Build | Farm |
| 23:15 | Build | Farm |
| 23:15 | Build | Farm |
| 23:16 | Build | Farm |
| 23:16 | Build | Farm |
| 23:16 | Build | Farm |
Build order — Heyfai
First 150 of 379 actions detected
| 0:01 | Create | Villager (Male) |
| 0:02 | Build | House |
| 0:03 | Build | House |
| 0:06 | Create | Villager (Male) |
| 0:06 | Create | Villager (Male) |
| 0:06 | Create | Villager (Male) |
| 1:27 | Create | Villager (Male) |
| 2:07 | Create | Villager (Male) |
| 2:20 | Build | Lumber Camp |
| 2:30 | Create | Villager (Male) |
| 3:00 | Create | Villager (Male) |
| 3:25 | Create | Villager (Male) |
| 3:36 | Build | House |
| 3:51 | Create | Villager (Male) |
| 4:13 | Create | Villager (Male) |
| 4:20 | Build | House |
| 4:21 | Build | House |
| 4:32 | Create | Villager (Male) |
| 4:46 | Create | Villager (Male) |
| 5:14 | Build | Palisade Wall |
| 5:24 | Build | House |
| 5:29 | Build | House |
| 5:45 | Create | Villager (Male) |
| 5:46 | Create | Villager (Male) |
| 5:46 | Create | Villager (Male) |
| 5:46 | Create | Villager (Male) |
| 6:02 | Create | Villager (Male) |
| 6:30 | Create | Villager (Male) |
| 6:40 | Create | Villager (Male) |
| 6:47 | Build | Mill |
| 7:03 | Build | Palisade Gate |
| 7:36 | Build | House |
| 7:39 | Build | House |
| 7:44 | Build | House |
| 7:49 | Build | House |
| 7:59 | Build | House |
| 8:04 | Create | Villager (Male) |
| 8:04 | Create | Villager (Male) |
| 8:04 | Create | Villager (Male) |
| 8:12 | Create | Villager (Male) |
| 8:23 | Create | Villager (Male) |
| 8:45 | Build | Mining Camp |
| 9:13 | Research | Feudal Age |
| 10:41 | Create | Villager (Male) |
| 10:48 | Build | Barracks |
| 10:58 | Build | House |
| 11:21 | Create | Villager (Male) |
| 11:23 | Age | Feudal Age |
| 11:35 | Build | Stable |
| 11:43 | Create | Villager (Male) |
| 12:08 | Create | Scout Cavalry |
| 12:13 | Build | House |
| 12:16 | Research | Double-Bit Axe |
| 12:18 | Create | Scout Cavalry |
| 12:23 | Research | Horse Collar |
| 12:35 | Research | Loom |
| 12:42 | Create | Scout Cavalry |
| 12:55 | Create | Scout Cavalry |
| 13:11 | Create | Villager (Male) |
| 13:24 | Create | Villager (Male) |
| 13:25 | Build | Farm |
| 13:26 | Build | Farm |
| 13:48 | Create | Villager (Male) |
| 13:51 | Build | Farm |
| 14:22 | Create | Villager (Male) |
| 14:33 | Build | Blacksmith |
| 15:02 | Create | Villager (Male) |
| 15:12 | Create | Villager (Male) |
| 15:23 | Build | Farm |
| 15:23 | Build | Farm |
| 15:24 | Build | Farm |
| 15:24 | Build | Farm |
| 15:27 | Build | Farm |
| 15:34 | Create | Villager (Male) |
| 15:45 | Build | House |
| 15:50 | Build | House |
| 15:56 | Build | Farm |
| 16:07 | Create | Villager (Male) |
| 16:41 | Build | Farm |
| 16:57 | Build | Farm |
| 17:03 | Build | Lumber Camp |
| 17:06 | Create | Villager (Male) |
| 17:23 | Create | Villager (Male) |
| 17:36 | Build | Farm |
| 17:45 | Build | Farm |
| 17:52 | Create | Villager (Male) |
| 18:00 | Create | Villager (Male) |
| 18:04 | Build | Mining Camp |
| 18:39 | Research | Castle Age |
| 19:09 | Research | Stone Mining |
| 20:09 | Research | Wheelbarrow |
| 21:19 | Age | Castle Age |
| 21:29 | Create | Villager (Male) |
| 21:35 | Build | Town Center |
| 21:49 | Build | Town Center |
| 22:00 | Create | Villager (Male) |
| 22:21 | Create | Villager (Male) |
| 22:34 | Build | Farm |
| 22:34 | Build | Farm |
| 22:35 | Build | Farm |
| 22:35 | Build | Farm |
| 22:35 | Build | Farm |
| 22:36 | Build | Farm |
| 22:45 | Create | Villager (Male) |
| 22:47 | Create | Villager (Male) |
| 22:58 | Build | Farm |
| 23:00 | Build | Farm |
| 23:01 | Build | Farm |
| 23:03 | Build | Farm |
| 23:04 | Build | Farm |
| 23:04 | Build | Farm |
| 23:08 | Create | Villager (Male) |
| 23:11 | Create | Villager (Male) |
| 23:13 | Create | Villager (Male) |
| 23:29 | Create | Villager (Male) |
| 23:33 | Create | Villager (Male) |
| 23:42 | Create | Villager (Male) |
| 23:51 | Create | Villager (Male) |
| 24:03 | Build | Castle |
| 24:09 | Build | Castle |
| 24:11 | Create | Villager (Male) |
| 24:13 | Create | Villager (Male) |
| 24:24 | Build | University |
| 24:29 | Create | Villager (Male) |
| 24:30 | Create | Villager (Male) |
| 24:47 | Create | Villager (Male) |
| 25:01 | Create | Villager (Male) |
| 25:20 | Create | Villager (Male) |
| 25:32 | Research | Imperial Age |
| 25:42 | Build | Siege Workshop |
| 25:43 | Create | Villager (Male) |
| 25:44 | Research | Bow Saw |
| 25:48 | Create | Villager (Male) |
| 26:10 | Create | Janissary |
| 26:11 | Create | Villager (Male) |
| 26:16 | Create | Villager (Male) |
| 26:20 | Create | Villager (Male) |
| 26:27 | Create | Janissary |
| 26:28 | Create | Villager (Male) |
| 26:42 | Create | Janissary |
| 26:44 | Create | Villager (Male) |
| 26:53 | Create | Villager (Male) |
| 26:57 | Create | Janissary |
| 27:12 | Create | Janissary |
| 27:13 | Create | Villager (Male) |
| 27:17 | Build | Farm |
| 27:17 | Build | Farm |
| 27:18 | Build | Farm |
| 27:18 | Build | Farm |
| 27:18 | Build | Farm |
Build order — DEMLOUDBOYZ
First 150 of 235 actions detected
| 0:02 | Create | Villager (Male) ×4 |
| 0:05 | Build | House |
| 0:06 | Build | House |
| 1:32 | Create | Villager (Male) |
| 1:48 | Build | Lumber Camp |
| 2:01 | Create | Villager (Male) |
| 2:16 | Create | Villager (Male) |
| 2:50 | Create | Villager (Male) |
| 3:03 | Create | Villager (Male) |
| 3:26 | Build | House |
| 3:27 | Build | House |
| 3:48 | Create | Villager (Male) |
| 4:28 | Create | Villager (Male) |
| 4:28 | Create | Villager (Male) |
| 4:59 | Build | Mill |
| 5:11 | Create | Villager (Male) |
| 5:12 | Create | Villager (Male) |
| 5:12 | Create | Villager (Male) |
| 5:12 | Create | Villager (Male) |
| 5:37 | Create | Villager (Male) |
| 6:03 | Create | Villager (Male) |
| 6:04 | Create | Villager (Male) |
| 6:04 | Create | Villager (Male) |
| 6:51 | Create | Villager (Male) |
| 6:51 | Create | Villager (Male) |
| 7:57 | Research | Feudal Age |
| 8:43 | Build | Mining Camp |
| 9:51 | Build | Farm |
| 9:53 | Create | Villager (Male) |
| 9:54 | Create | Villager (Male) |
| 9:58 | Build | House |
| 10:02 | Build | House |
| 10:39 | Build | House |
| 11:13 | Age | Feudal Age |
| 11:15 | Build | Market |
| 11:18 | Build | Blacksmith |
| 11:26 | Build | Farm |
| 11:37 | Research | Double-Bit Axe |
| 12:07 | Research | Castle Age |
| 12:13 | Build | Farm |
| 12:36 | Research | Horse Collar |
| 12:57 | Research | Gold Mining |
| 13:32 | Research | Loom |
| 14:27 | Create | Villager (Male) |
| 14:27 | Create | Villager (Male) |
| 14:47 | Age | Castle Age |
| 14:55 | Build | Castle |
| 15:01 | Create | Villager (Male) |
| 15:07 | Research | Bow Saw |
| 15:19 | Create | Villager (Male) |
| 15:42 | Build | Farm |
| 15:47 | Build | Monastery |
| 16:21 | Create | Villager (Male) |
| 16:33 | Build | Farm |
| 17:04 | Create | Villager (Male) |
| 17:04 | Create | Villager (Male) |
| 17:05 | Create | Villager (Male) |
| 17:05 | Create | Villager (Male) |
| 17:05 | Create | Villager (Male) |
| 17:26 | Create | Villager (Male) |
| 17:29 | Build | Farm |
| 17:32 | Build | Mining Camp |
| 17:38 | Build | Farm |
| 17:39 | Build | Farm |
| 17:39 | Build | Farm |
| 17:39 | Build | Farm |
| 17:50 | Build | Monastery |
| 18:16 | Build | Lumber Camp |
| 18:26 | Create | Conquistador |
| 18:32 | Create | Villager (Male) |
| 18:32 | Create | Villager (Male) |
| 18:49 | Build | Farm |
| 18:50 | Build | Farm |
| 18:50 | Build | Farm |
| 18:50 | Build | Farm |
| 18:52 | Build | Farm |
| 19:35 | Create | Conquistador |
| 19:36 | Create | Villager (Male) |
| 19:51 | Create | Villager (Male) |
| 20:08 | Create | Villager (Male) |
| 20:14 | Create | Conquistador |
| 20:38 | Create | Conquistador |
| 20:39 | Create | Villager (Male) |
| 20:40 | Create | Villager (Male) |
| 20:52 | Create | Conquistador |
| 20:59 | Create | Villager (Male) |
| 21:05 | Build | Farm |
| 21:10 | Build | Farm |
| 21:10 | Build | Farm |
| 21:10 | Build | Farm |
| 21:18 | Build | Mining Camp |
| 21:21 | Create | Conquistador |
| 22:02 | Create | Villager (Male) |
| 22:06 | Create | Monk |
| 22:10 | Create | Conquistador ×2 |
| 22:15 | Create | Villager (Male) |
| 23:27 | Create | Villager (Male) |
| 23:28 | Create | Conquistador ×5 |
| 23:37 | Research | Devotion |
| 23:38 | Create | Villager (Male) |
| 23:47 | Create | Villager (Male) |
| 24:04 | Create | Conquistador |
| 24:13 | Research | Padded Archer Armor |
| 24:18 | Create | Missionary |
| 24:32 | Create | Conquistador |
| 24:33 | Create | Villager (Male) |
| 24:51 | Build | House |
| 24:51 | Build | House |
| 24:52 | Build | House |
| 24:53 | Build | House |
| 24:53 | Build | House |
| 24:53 | Build | House |
| 24:54 | Build | House |
| 24:55 | Build | House |
| 24:56 | Build | House |
| 24:56 | Build | House |
| 26:26 | Create | Villager (Male) |
| 26:29 | Create | Conquistador ×5 |
| 26:42 | Research | Leather Archer Armor |
| 26:57 | Create | Villager (Male) |
| 27:08 | Build | Town Center |
| 27:29 | Create | Villager (Male) |
| 27:33 | Create | Conquistador |
| 27:47 | Research | Imperial Age |
| 27:56 | Build | Lumber Camp |
| 28:01 | Create | Villager (Male) |
| 28:08 | Create | Conquistador |
| 28:08 | Create | Conquistador |
| 28:25 | Build | Barracks |
| 28:33 | Create | Villager (Male) |
| 28:33 | Create | Villager (Male) |
| 28:35 | Create | Conquistador |
| 29:17 | Create | Conquistador |
| 29:17 | Create | Conquistador |
| 29:18 | Create | Conquistador |
| 29:23 | Build | Stable |
| 29:26 | Build | Town Center |
| 29:28 | Build | Farm |
| 29:28 | Build | Farm |
| 29:28 | Build | Farm |
| 29:28 | Build | Farm |
| 29:28 | Build | Farm |
| 29:29 | Create | Villager (Male) |
| 29:29 | Create | Villager (Male) |
| 30:02 | Research | Bloodlines |
| 30:40 | Create | Conquistador |
| 30:41 | Create | Conquistador |
| 30:57 | Age | Imperial Age |
| 31:01 | Create | Conquistador |
| 31:22 | Create | Conquistador ×4 |
Build order — [CL] FARFANA
First 150 of 554 actions detected
| 0:03 | Create | Villager (Male) |
| 0:03 | Create | Villager (Male) |
| 0:03 | Create | Villager (Male) |
| 0:03 | Create | Villager (Male) |
| 0:03 | Create | Villager (Male) |
| 0:04 | Create | Villager (Male) |
| 0:04 | Create | Villager (Male) |
| 0:05 | Build | House |
| 0:08 | Build | House |
| 1:35 | Create | Villager (Male) |
| 1:35 | Create | Villager (Male) |
| 2:07 | Create | Villager (Male) |
| 2:07 | Create | Villager (Male) |
| 2:10 | Build | Lumber Camp |
| 2:13 | Create | Villager (Male) |
| 2:45 | Create | Villager (Male) |
| 2:45 | Create | Villager (Male) |
| 3:23 | Create | Villager (Male) |
| 3:23 | Create | Villager (Male) |
| 3:40 | Create | Villager (Male) |
| 3:40 | Create | Villager (Male) |
| 3:41 | Create | Villager (Male) |
| 4:02 | Create | Villager (Male) |
| 4:02 | Create | Villager (Male) |
| 4:34 | Build | House |
| 4:36 | Build | House |
| 4:43 | Create | Villager (Male) |
| 4:43 | Create | Villager (Male) |
| 4:43 | Create | Villager (Male) |
| 5:31 | Create | Villager (Male) |
| 6:03 | Create | Villager (Male) |
| 6:40 | Create | Villager (Male) |
| 6:41 | Create | Villager (Male) |
| 7:00 | Build | Lumber Camp |
| 7:02 | Create | Villager (Male) |
| 7:10 | Create | Villager (Male) |
| 7:29 | Create | Villager (Male) |
| 8:29 | Build | Mining Camp |
| 8:33 | Create | Villager (Male) |
| 8:50 | Build | Mill |
| 9:14 | Research | Feudal Age |
| 9:22 | Build | House |
| 9:39 | Build | Farm |
| 9:40 | Build | Farm |
| 9:43 | Build | Farm |
| 11:04 | Build | Farm |
| 11:05 | Create | Villager (Male) |
| 11:05 | Create | Villager (Male) |
| 11:17 | Age | Feudal Age |
| 11:24 | Build | Market |
| 11:29 | Build | Blacksmith |
| 11:47 | Create | Villager (Male) |
| 11:51 | Build | Farm |
| 12:46 | Research | Castle Age |
| 12:47 | Research | Castle Age |
| 12:47 | Research | Castle Age |
| 14:37 | Build | House |
| 14:39 | Build | House |
| 15:12 | Age | Castle Age |
| 15:14 | Create | Villager (Male) |
| 15:18 | Build | Town Center |
| 15:31 | Build | Town Center |
| 15:34 | Research | Double-Bit Axe |
| 15:37 | Research | Horse Collar |
| 15:46 | Create | Villager (Male) |
| 16:15 | Create | Villager (Male) |
| 16:15 | Create | Villager (Male) |
| 16:38 | Create | Villager (Male) |
| 16:40 | Build | Farm |
| 16:43 | Build | Farm |
| 16:45 | Build | Farm |
| 16:50 | Research | Bow Saw |
| 16:51 | Create | Villager (Male) |
| 16:52 | Create | Villager (Male) |
| 16:52 | Create | Villager (Male) |
| 16:58 | Create | Villager (Male) |
| 16:58 | Create | Villager (Male) |
| 17:16 | Create | Villager (Male) |
| 17:16 | Create | Villager (Male) |
| 17:24 | Create | Villager (Male) |
| 17:33 | Build | Farm |
| 17:37 | Build | Farm |
| 17:39 | Build | Farm |
| 17:41 | Create | Villager (Male) |
| 17:41 | Create | Villager (Male) |
| 17:41 | Create | Villager (Male) |
| 17:46 | Build | Farm |
| 17:49 | Build | Farm |
| 17:55 | Create | Villager (Male) |
| 17:55 | Create | Villager (Male) |
| 17:55 | Create | Villager (Male) |
| 17:55 | Create | Villager (Male) |
| 17:56 | Create | Villager (Male) |
| 18:02 | Build | Farm |
| 18:02 | Build | Farm |
| 18:02 | Build | Farm |
| 18:03 | Build | Farm |
| 18:03 | Build | Farm |
| 18:07 | Build | Farm |
| 18:12 | Create | Villager (Male) |
| 18:12 | Create | Villager (Male) |
| 18:12 | Create | Villager (Male) |
| 18:19 | Build | Farm |
| 18:23 | Build | Farm |
| 18:27 | Create | Villager (Male) |
| 18:28 | Create | Villager (Male) |
| 18:34 | Create | Villager (Male) |
| 18:34 | Create | Villager (Male) |
| 18:35 | Create | Villager (Male) |
| 18:35 | Create | Villager (Male) |
| 18:51 | Create | Villager (Male) |
| 18:51 | Create | Villager (Male) |
| 18:51 | Create | Villager (Male) |
| 19:03 | Create | Villager (Male) |
| 19:03 | Create | Villager (Male) |
| 19:07 | Build | House |
| 19:08 | Build | House |
| 19:09 | Build | House |
| 19:11 | Build | House |
| 19:12 | Build | House |
| 19:15 | Build | House |
| 19:18 | Create | Villager (Male) |
| 19:18 | Create | Villager (Male) |
| 19:18 | Create | Villager (Male) |
| 19:18 | Create | Villager (Male) |
| 19:24 | Build | Farm |
| 19:24 | Build | Farm |
| 19:24 | Build | Farm |
| 19:24 | Build | Farm |
| 19:26 | Build | Farm |
| 19:28 | Build | Farm |
| 19:29 | Create | Villager (Male) |
| 19:30 | Create | Villager (Male) |
| 19:30 | Create | Villager (Male) |
| 19:30 | Create | Villager (Male) |
| 19:52 | Create | Villager (Male) |
| 19:52 | Create | Villager (Male) |
| 19:52 | Create | Villager (Male) |
| 19:52 | Create | Villager (Male) |
| 19:58 | Create | Villager (Male) |
| 19:58 | Create | Villager (Male) |
| 20:02 | Build | Farm |
| 20:13 | Build | Town Center |
| 20:23 | Create | Villager (Male) |
| 20:23 | Create | Villager (Male) |
| 20:24 | Create | Villager (Male) |
| 20:24 | Create | Villager (Male) |
| 20:24 | Create | Villager (Male) |
| 20:28 | Build | Farm |
| 20:29 | Create | Villager (Male) |
Build order — Modjo
First 150 of 440 actions detected
| 0:01 | Create | Villager (Male) |
| 0:02 | Build | House |
| 0:04 | Build | House |
| 0:07 | Create | Villager (Male) |
| 0:08 | Create | Villager (Male) |
| 0:08 | Create | Villager (Male) |
| 1:29 | Create | Villager (Male) |
| 1:29 | Create | Villager (Male) |
| 1:47 | Build | Lumber Camp |
| 2:05 | Create | Villager (Male) |
| 2:20 | Create | Villager (Male) |
| 2:20 | Create | Villager (Male) |
| 2:45 | Create | Villager (Male) |
| 3:00 | Create | Villager (Male) |
| 3:27 | Build | House |
| 3:29 | Build | House |
| 3:32 | Create | Villager (Male) |
| 3:32 | Create | Villager (Male) |
| 3:46 | Create | Villager (Male) |
| 3:46 | Create | Villager (Male) |
| 4:18 | Create | Villager (Male) |
| 4:18 | Create | Villager (Male) |
| 4:54 | Create | Villager (Male) |
| 4:54 | Create | Villager (Male) |
| 5:35 | Create | Villager (Male) |
| 5:39 | Create | Villager (Male) |
| 5:39 | Create | Villager (Male) |
| 6:05 | Create | Villager (Male) |
| 6:29 | Create | Villager (Male) |
| 7:16 | Create | Villager (Male) |
| 7:28 | Build | Mill |
| 7:48 | Create | Villager (Male) |
| 8:16 | Create | Villager (Male) |
| 8:53 | Create | Villager (Male) |
| 8:54 | Research | Feudal Age |
| 8:58 | Research | Feudal Age |
| 9:08 | Build | Mining Camp |
| 9:35 | Create | Villager (Male) |
| 9:36 | Create | Villager (Male) |
| 9:36 | Create | Villager (Male) |
| 10:13 | Build | Farm |
| 10:17 | Build | Farm |
| 10:40 | Build | Farm |
| 10:47 | Build | House |
| 10:48 | Build | House |
| 10:55 | Build | Farm |
| 11:08 | Age | Feudal Age |
| 11:16 | Build | Market |
| 11:22 | Build | Blacksmith |
| 11:51 | Create | Villager (Male) |
| 11:51 | Create | Villager (Male) |
| 11:56 | Build | Farm |
| 12:28 | Research | Double-Bit Axe |
| 12:39 | Build | Farm |
| 12:50 | Build | Farm |
| 13:45 | Research | Castle Age |
| 14:39 | Research | Horse Collar |
| 14:45 | Build | House |
| 14:46 | Build | House |
| 14:56 | Build | Farm |
| 15:13 | Create | Villager (Male) |
| 15:13 | Create | Villager (Male) |
| 15:14 | Create | Villager (Male) |
| 15:14 | Create | Villager (Male) |
| 15:14 | Create | Villager (Male) |
| 15:34 | Create | Villager (Male) |
| 16:25 | Age | Castle Age |
| 16:42 | Create | Villager (Male) |
| 16:53 | Build | Town Center |
| 17:02 | Build | Town Center |
| 17:12 | Build | Town Center |
| 17:14 | Research | Bow Saw |
| 17:26 | Research | Heavy Plow |
| 17:45 | Build | Farm |
| 17:53 | Build | Palisade Wall |
| 17:57 | Build | Palisade Wall |
| 17:59 | Build | Palisade Wall |
| 18:00 | Build | Palisade Wall |
| 18:15 | Research | Wheelbarrow |
| 18:17 | Research | Loom |
| 18:27 | Build | Farm |
| 18:30 | Build | Farm |
| 18:34 | Build | Farm |
| 18:36 | Create | Villager (Male) |
| 18:37 | Create | Villager (Male) |
| 18:57 | Create | Villager (Male) |
| 18:57 | Create | Villager (Male) |
| 19:00 | Build | Farm |
| 19:12 | Create | Villager (Male) |
| 19:13 | Create | Villager (Male) |
| 19:21 | Build | Farm |
| 19:27 | Build | Farm |
| 19:30 | Create | Villager (Male) |
| 19:32 | Create | Villager (Male) |
| 19:39 | Build | Farm |
| 19:46 | Build | Lumber Camp |
| 19:51 | Build | Farm |
| 19:53 | Create | Villager (Male) |
| 19:54 | Create | Villager (Male) |
| 19:54 | Create | Villager (Male) |
| 19:56 | Create | Villager (Male) |
| 19:57 | Create | Villager (Male) |
| 20:22 | Build | Monastery |
| 20:32 | Create | Villager (Male) |
| 20:32 | Create | Villager (Male) |
| 20:33 | Build | Farm |
| 20:35 | Create | Villager (Male) |
| 20:39 | Create | Villager (Male) |
| 20:43 | Build | Farm |
| 20:49 | Build | House |
| 20:51 | Build | House |
| 20:52 | Build | House |
| 20:54 | Build | House |
| 20:55 | Build | House |
| 20:56 | Build | House |
| 21:01 | Create | Villager (Male) |
| 21:02 | Create | Villager (Male) |
| 21:03 | Create | Villager (Male) |
| 21:03 | Create | Villager (Male) |
| 21:07 | Build | Farm |
| 21:11 | Build | House |
| 21:12 | Build | House |
| 21:17 | Build | Farm |
| 21:18 | Create | Monk |
| 21:32 | Create | Villager (Male) |
| 21:33 | Create | Villager (Male) |
| 21:34 | Create | Villager (Male) |
| 21:34 | Create | Villager (Male) |
| 21:37 | Build | Farm |
| 21:41 | Build | Farm |
| 21:45 | Create | Villager (Male) |
| 21:59 | Create | Villager (Male) |
| 22:00 | Create | Villager (Male) |
| 22:01 | Create | Villager (Male) |
| 22:01 | Create | Villager (Male) |
| 22:05 | Build | Farm |
| 22:16 | Create | Villager (Male) |
| 22:23 | Research | Hand Cart |
| 22:27 | Build | Farm |
| 22:30 | Build | Farm |
| 22:34 | Build | Farm |
| 22:35 | Create | Villager (Male) |
| 22:35 | Create | Villager (Male) |
| 22:36 | Create | Villager (Male) |
| 22:41 | Build | Farm |
| 22:43 | Build | Farm |
| 22:44 | Build | Farm |
| 22:45 | Build | Farm |
| 22:46 | Build | Farm |
| 22:47 | Build | Farm |
Build order — le Nain Becile
First 150 of 261 actions detected
| 0:01 | Create | Villager (Male) |
| 0:01 | Create | Villager (Male) |
| 0:03 | Build | House |
| 0:04 | Build | House |
| 0:10 | Create | Villager (Male) |
| 0:11 | Create | Villager (Male) |
| 1:34 | Create | Villager (Male) |
| 1:57 | Build | Lumber Camp |
| 2:07 | Create | Villager (Male) |
| 2:32 | Create | Villager (Male) |
| 3:03 | Create | Villager (Male) |
| 3:03 | Create | Villager (Male) |
| 3:36 | Create | Villager (Male) |
| 3:39 | Build | House |
| 4:16 | Build | Mill |
| 4:27 | Create | Villager (Male) |
| 4:27 | Create | Villager (Male) |
| 5:15 | Create | Villager (Male) |
| 5:18 | Research | Loom |
| 5:32 | Create | Villager (Male) |
| 5:32 | Research | Loom |
| 6:28 | Research | Feudal Age |
| 7:04 | Build | Mining Camp |
| 8:14 | Create | Villager (Male) |
| 8:14 | Create | Villager (Male) |
| 8:38 | Age | Feudal Age |
| 8:46 | Build | House |
| 8:51 | Research | Double-Bit Axe |
| 9:37 | Build | Watch Tower |
| 9:38 | Create | Villager (Male) |
| 9:39 | Create | Villager (Male) |
| 10:16 | Build | Watch Tower |
| 10:27 | Create | Villager (Male) |
| 10:50 | Build | Palisade Wall |
| 10:51 | Build | Palisade Wall |
| 10:51 | Build | Palisade Wall |
| 10:52 | Build | Palisade Wall |
| 10:54 | Create | Villager (Male) |
| 10:59 | Create | Villager (Male) |
| 11:06 | Build | House |
| 12:00 | Build | Watch Tower |
| 13:23 | Create | Villager (Male) |
| 13:23 | Create | Villager (Male) |
| 13:24 | Create | Villager (Male) |
| 13:41 | Build | House |
| 13:41 | Create | Villager (Male) |
| 14:02 | Build | Barracks |
| 14:10 | Build | Palisade Wall |
| 14:34 | Create | Villager (Male) |
| 14:36 | Build | Farm |
| 14:38 | Build | Farm |
| 14:42 | Build | Farm |
| 14:43 | Create | Villager (Male) |
| 14:55 | Create | Spearman |
| 14:58 | Create | Villager (Male) |
| 15:09 | Build | House |
| 15:21 | Build | Outpost |
| 15:45 | Build | Stable |
| 15:57 | Create | Villager (Male) |
| 16:04 | Build | Mining Camp |
| 16:13 | Build | House |
| 16:15 | Build | House |
| 16:18 | Build | Palisade Wall |
| 16:20 | Build | Palisade Wall |
| 16:25 | Create | Spearman |
| 16:51 | Build | Outpost |
| 16:54 | Create | Villager (Male) |
| 16:55 | Create | Villager (Male) |
| 17:00 | Build | Farm |
| 17:01 | Build | Farm |
| 17:03 | Create | Villager (Male) |
| 17:30 | Create | Spearman |
| 17:50 | Create | Villager (Male) |
| 17:53 | Build | Farm |
| 17:54 | Build | Farm |
| 17:56 | Build | Farm |
| 17:58 | Build | Farm |
| 17:59 | Build | Farm |
| 18:01 | Create | Villager (Male) |
| 18:21 | Build | Lumber Camp |
| 18:23 | Create | Villager (Male) |
| 18:47 | Create | Villager (Male) |
| 18:54 | Create | Villager (Male) |
| 19:14 | Build | Stone Wall |
| 19:22 | Build | Gate |
| 19:23 | Create | Villager (Male) |
| 19:23 | Create | Villager (Male) |
| 19:24 | Create | Villager (Male) |
| 19:28 | Research | Wheelbarrow |
| 19:29 | Research | Horse Collar |
| 19:34 | Build | Farm |
| 19:35 | Build | Farm |
| 19:36 | Build | Farm |
| 19:38 | Build | Farm |
| 19:41 | Create | Villager (Male) |
| 19:51 | Build | Market |
| 20:40 | Create | Villager (Male) |
| 21:02 | Build | Farm |
| 21:09 | Build | Palisade Wall |
| 21:14 | Build | Palisade Wall |
| 21:34 | Create | Villager (Male) |
| 22:02 | Create | Villager (Male) |
| 22:06 | Build | Farm |
| 22:09 | Build | Farm |
| 22:10 | Build | Farm |
| 22:26 | Build | Farm |
| 22:27 | Build | Farm |
| 22:29 | Build | Farm |
| 22:36 | Research | Castle Age |
| 22:36 | Research | Castle Age |
| 23:15 | Create | Villager (Male) |
| 23:16 | Create | Militia |
| 23:16 | Create | Militia |
| 23:16 | Create | Militia |
| 23:26 | Build | House |
| 23:27 | Build | House |
| 24:15 | Build | House |
| 24:16 | Build | House |
| 24:17 | Build | House |
| 24:22 | Build | House |
| 24:23 | Build | House |
| 24:23 | Build | House |
| 24:24 | Build | House |
| 24:26 | Build | House |
| 24:27 | Build | House |
| 25:24 | Age | Castle Age |
| 25:26 | Create | Villager (Male) |
| 25:51 | Build | Blacksmith |
| 25:53 | Create | Villager (Male) |
| 26:02 | Create | Villager (Male) |
| 26:15 | Build | Castle |
| 26:21 | Create | Villager (Male) |
| 26:31 | Research | Gold Mining |
| 26:42 | Build | Siege Workshop |
| 26:44 | Create | Villager (Male) |
| 27:16 | Build | Lumber Camp |
| 27:21 | Research | Bow Saw |
| 27:42 | Create | Battering Ram |
| 27:43 | Create | Battering Ram |
| 27:49 | Create | Mangonel |
| 27:58 | Research | Imperial Age |
| 28:20 | Build | Siege Workshop |
| 28:21 | Create | Villager (Male) |
| 28:35 | Build | Town Center |
| 28:36 | Create | Villager (Male) |
| 28:51 | Build | House |
| 28:54 | Build | House |
| 28:55 | Create | Villager (Male) |
| 29:16 | Build | Gate |
| 29:22 | Build | Stone Wall |
Build order — b09581270
First 150 of 469 actions detected
| 0:02 | Create | Villager (Male) ×4 |
| 0:03 | Build | House |
| 0:05 | Build | House |
| 1:29 | Create | Villager (Male) |
| 1:29 | Create | Villager (Male) |
| 2:01 | Build | Lumber Camp |
| 2:04 | Create | Villager (Male) |
| 2:04 | Create | Villager (Male) |
| 2:04 | Create | Villager (Male) |
| 2:21 | Create | Villager (Male) |
| 2:21 | Create | Villager (Male) |
| 2:50 | Create | Villager (Male) |
| 2:50 | Create | Villager (Male) |
| 3:04 | Create | Villager (Male) |
| 3:05 | Create | Villager (Male) |
| 3:38 | Create | Villager (Male) |
| 3:38 | Create | Villager (Male) |
| 3:58 | Build | House |
| 4:11 | Create | Villager (Male) |
| 4:11 | Create | Villager (Male) |
| 4:11 | Create | Villager (Male) |
| 4:20 | Build | Mill |
| 5:06 | Create | Villager (Male) |
| 5:06 | Create | Villager (Male) |
| 5:06 | Create | Villager (Male) |
| 5:20 | Create | Villager (Male) |
| 5:21 | Create | Villager (Male) |
| 5:21 | Create | Villager (Male) |
| 5:55 | Build | House |
| 6:32 | Create | Villager (Male) |
| 6:33 | Create | Villager (Male) |
| 6:33 | Create | Villager (Male) |
| 7:06 | Create | Villager (Male) |
| 7:55 | Research | Feudal Age |
| 7:56 | Research | Feudal Age |
| 7:56 | Research | Feudal Age |
| 8:47 | Build | Barracks |
| 9:09 | Build | Mining Camp |
| 9:33 | Create | Villager (Male) |
| 9:34 | Create | Villager (Male) |
| 10:11 | Age | Feudal Age |
| 10:17 | Research | Loom |
| 10:17 | Research | Loom |
| 10:25 | Build | Blacksmith |
| 10:34 | Create | Spearman |
| 11:02 | Build | Archery Range |
| 11:10 | Build | House |
| 12:04 | Research | Castle Age |
| 12:05 | Research | Castle Age |
| 13:46 | Create | Spearman |
| 13:46 | Create | Spearman |
| 13:54 | Build | House |
| 14:13 | Research | Fletching |
| 14:13 | Research | Fletching |
| 14:13 | Research | Fletching |
| 14:18 | Build | Farm |
| 14:19 | Build | Farm |
| 14:20 | Build | Farm |
| 14:22 | Build | Farm |
| 14:23 | Build | Farm |
| 14:44 | Age | Castle Age |
| 14:47 | Create | Villager (Male) |
| 15:06 | Create | Villager (Male) |
| 15:06 | Create | Villager (Male) |
| 15:15 | Build | Town Center |
| 15:36 | Create | Villager (Male) |
| 15:36 | Create | Villager (Male) |
| 15:45 | Build | Farm |
| 15:52 | Create | Villager (Male) |
| 15:52 | Create | Villager (Male) |
| 15:52 | Create | Villager (Male) |
| 16:01 | Build | Farm |
| 16:05 | Build | Farm |
| 16:13 | Build | House |
| 16:14 | Build | House |
| 16:20 | Create | Villager (Male) |
| 16:21 | Create | Villager (Male) |
| 16:53 | Create | Villager (Male) |
| 16:56 | Build | Farm |
| 16:58 | Create | Villager (Male) |
| 16:58 | Create | Villager (Male) |
| 17:21 | Create | Villager (Male) |
| 17:21 | Create | Villager (Male) |
| 17:34 | Build | Town Center |
| 17:44 | Build | Farm |
| 17:47 | Create | Villager (Male) |
| 17:47 | Create | Villager (Male) |
| 17:53 | Build | House |
| 17:53 | Build | House |
| 17:54 | Build | House |
| 17:56 | Create | Villager (Male) |
| 18:04 | Create | Villager (Male) |
| 18:18 | Create | Villager (Male) |
| 18:21 | Create | Villager (Male) |
| 18:21 | Create | Villager (Male) |
| 18:21 | Create | Villager (Male) |
| 18:26 | Build | Farm |
| 18:29 | Build | Farm |
| 18:34 | Build | Farm |
| 18:46 | Create | Villager (Male) |
| 18:47 | Create | Villager (Male) |
| 18:48 | Build | Farm |
| 19:03 | Create | Villager (Male) |
| 19:28 | Build | Archery Range |
| 19:31 | Create | Elephant Archer |
| 19:31 | Create | Elephant Archer |
| 19:33 | Create | Elephant Archer |
| 19:44 | Create | Villager (Male) |
| 19:46 | Build | Farm |
| 19:47 | Build | Farm |
| 19:48 | Create | Villager (Male) |
| 19:49 | Create | Villager (Male) |
| 20:09 | Create | Elephant Archer |
| 20:11 | Build | Farm |
| 20:12 | Build | Farm |
| 20:17 | Create | Villager (Male) |
| 20:17 | Create | Villager (Male) |
| 20:18 | Create | Villager (Male) |
| 20:22 | Create | Villager (Male) |
| 20:22 | Create | Villager (Male) |
| 20:23 | Create | Villager (Male) |
| 20:41 | Create | Villager (Male) |
| 20:42 | Create | Villager (Male) |
| 20:43 | Build | Farm |
| 20:48 | Create | Villager (Male) |
| 21:05 | Create | Villager (Male) |
| 21:05 | Create | Villager (Male) |
| 21:05 | Create | Villager (Male) |
| 21:10 | Build | Farm |
| 21:14 | Create | Villager (Male) |
| 21:15 | Create | Villager (Male) |
| 21:16 | Create | Villager (Male) |
| 21:32 | Create | Villager (Male) |
| 21:39 | Create | Villager (Male) |
| 21:40 | Build | Farm |
| 21:41 | Build | Farm |
| 21:42 | Build | Farm |
| 21:44 | Create | Villager (Male) |
| 21:51 | Create | Villager (Male) |
| 22:12 | Research | Padded Archer Armor |
| 22:13 | Research | Padded Archer Armor |
| 22:23 | Create | Elephant Archer |
| 22:27 | Create | Villager (Male) |
| 22:34 | Build | Town Center |
| 22:40 | Create | Villager (Male) |
| 22:40 | Create | Villager (Male) |
| 22:46 | Build | Farm |
| 22:53 | Create | Villager (Male) |
| 23:03 | Research | Double-Bit Axe |
| 23:03 | Research | Double-Bit Axe |
Match timeline
| 5:14 | Heyfai · wall_segment Palisade Wall x23 |
| 8:38 | le Nain Becile · age_up feudal |
| 8:47 | b09581270 · first_building Barracks |
| 10:10 | [CL] LasagnaSolida · age_up feudal |
| 10:11 | b09581270 · age_up feudal |
| 10:48 | Heyfai · first_building Barracks |
| 10:50 | le Nain Becile · wall_segment Palisade Wall x1 |
| 10:51 | le Nain Becile · wall_segment Palisade Wall x1 |
| 10:51 | le Nain Becile · wall_segment Palisade Wall x1 |
| 10:52 | le Nain Becile · wall_segment Palisade Wall x1 |
| 11:02 | b09581270 · first_building Archery Range |
| 11:03 | Laljia · age_up feudal |
| 11:08 | Modjo · age_up feudal |
| 11:13 | DEMLOUDBOYZ · age_up feudal |
| 11:17 | [CL] FARFANA · age_up feudal |
| 11:23 | Heyfai · age_up feudal |
| 11:35 | Heyfai · first_building Stable |
| 11:48 | [CL] LasagnaSolida · first_building Barracks |
| 12:06 | DEMLOUDBOYZ · first_market_sell 100 stone |
| 13:45 | [CL] LasagnaSolida · age_up castle |
| 14:02 | le Nain Becile · first_building Barracks |
| 14:10 | le Nain Becile · wall_segment Palisade Wall x1 |
| 14:33 | Laljia · age_up castle |
| 14:44 | b09581270 · age_up castle |
| 14:47 | DEMLOUDBOYZ · age_up castle |
| 14:55 | DEMLOUDBOYZ · first_building Castle |
| 15:00 | Modjo · first_market_buy 100 stone |
| 15:12 | [CL] FARFANA · age_up castle |
| 15:19 | [CL] LasagnaSolida · first_market_buy 100 wood |
| 15:21 | [CL] LasagnaSolida · first_building Siege Workshop |
| 15:43 | Laljia · first_market_buy 100 stone |
| 15:45 | le Nain Becile · first_building Stable |
| 15:47 | DEMLOUDBOYZ · first_building Monastery |
| 16:17 | [CL] FARFANA · first_market_buy 100 stone |
| 16:18 | le Nain Becile · wall_segment Palisade Wall x1 |
| 16:20 | le Nain Becile · wall_segment Palisade Wall x1 |
| 16:25 | Modjo · age_up castle |
| 16:35 | [CL] LasagnaSolida · first_market_sell 100 food |
| 16:49 | [CL] LasagnaSolida · wall_segment Palisade Wall x1 |
| 17:23 | [CL] LasagnaSolida · first_building Monastery |
| 17:30 | [CL] LasagnaSolida · wall_segment Palisade Wall x1 |
| 17:33 | [CL] LasagnaSolida · wall_segment Palisade Wall x2 |
| 17:53 | Modjo · wall_segment Palisade Wall x1 |
| 17:57 | Modjo · wall_segment Palisade Wall x2 |
| 17:59 | Modjo · wall_segment Palisade Wall x3 |
| 18:00 | Modjo · wall_segment Palisade Wall x1 |
| 19:14 | le Nain Becile · wall_segment Stone Wall x32 |
| 20:22 | Modjo · first_building Monastery |
| 21:09 | le Nain Becile · wall_segment Palisade Wall x1 |
| 21:14 | le Nain Becile · wall_segment Palisade Wall x1 |
| 21:19 | Heyfai · age_up castle |
| 24:03 | Heyfai · first_building Castle |
| 25:16 | Laljia · first_building Monastery |
| 25:24 | le Nain Becile · age_up castle |
| 25:42 | Heyfai · first_building Siege Workshop |
| 25:51 | Laljia · first_building Siege Workshop |
| 26:15 | le Nain Becile · first_building Castle |
| 26:21 | b09581270 · first_building Castle |
| 26:32 | Modjo · first_building Barracks |
| 26:42 | le Nain Becile · first_building Siege Workshop |
| 26:42 | [CL] LasagnaSolida · first_building Archery Range |
| 26:51 | le Nain Becile · first_market_sell 100 food |
| 27:22 | [CL] FARFANA · first_building Monastery |
| 27:30 | [CL] FARFANA · first_market_sell 500 food |
| 27:44 | Modjo · first_building Stable |
| 27:48 | Laljia · tribute_sent a jugador 2 |
| 27:48 | Laljia · tribute_sent a jugador 3 |
| 27:48 | Laljia · tribute_sent a jugador 4 |
| 27:48 | Laljia · tribute_sent a jugador 5 |
| 27:48 | Laljia · tribute_sent a jugador 6 |
| 27:48 | Laljia · tribute_sent a jugador 7 |
| 27:48 | Laljia · tribute_sent a jugador 8 |
| 28:14 | Laljia · tribute_sent a jugador 2 |
| 28:14 | Laljia · tribute_sent a jugador 3 |
| 28:14 | Laljia · tribute_sent a jugador 4 |
| 28:14 | Laljia · tribute_sent a jugador 5 |
| 28:14 | Laljia · tribute_sent a jugador 6 |
| 28:14 | Laljia · tribute_sent a jugador 7 |
| 28:14 | Laljia · tribute_sent a jugador 8 |
| 28:25 | DEMLOUDBOYZ · first_building Barracks |
| 28:37 | Modjo · first_building Siege Workshop |
| 28:42 | Heyfai · age_up imperial |
| 29:01 | [CL] FARFANA · first_building Barracks |
| 29:22 | le Nain Becile · wall_segment Stone Wall x2 |
| 29:23 | DEMLOUDBOYZ · first_building Stable |
| 29:34 | Modjo · age_up imperial |
| 29:42 | Laljia · age_up imperial |
| 30:06 | [CL] FARFANA · first_building Castle |
| 30:08 | Laljia · first_building Castle |
| 30:48 | [CL] LasagnaSolida · age_up imperial |
| 30:50 | [CL] FARFANA · first_building Stable |
| 30:53 | Modjo · first_building Castle |
| 30:57 | DEMLOUDBOYZ · age_up imperial |
| 31:08 | le Nain Becile · age_up imperial |
| 31:17 | Laljia · first_market_sell 500 wood |
| 31:30 | le Nain Becile · first_market_buy 100 stone |
| 31:37 | [CL] FARFANA · age_up imperial |
| 33:15 | [CL] LasagnaSolida · first_building Castle |
| 33:41 | b09581270 · age_up imperial |
| 36:26 | le Nain Becile · wall_segment Palisade Wall x1 |
| 37:13 | Modjo · first_market_sell 500 wood |
| 40:04 | b09581270 · first_building Stable |
| 42:25 | Heyfai · first_market_buy 500 stone |
| 43:08 | DEMLOUDBOYZ · resign |
| 43:18 | Heyfai · first_market_sell 500 wood |
[ AI ANALYSIS · 1 CREDIT ]
What really happened in this match?
Wolo.gg analyzes every decision: build order, eco, micro, common mistakes by bracket. Personalized analysis on WhatsApp or Discord in 30 seconds.
Civ guide
Bohemians
Map guide
Amazon Tunnel
Perfil
Jugador #22895330